 Dungeon Sprint DCSS version 0.30.1-11-g7821555f0a (webtiles) character file.

Game seed: 6763865028247076274

16868 Groucho the Bewitcher (level 12, -5/67 HPs)
             Began as a Spriggan Enchanter on Dec 14, 2023.
             Was the Champion of Sif Muna.
             Slain by a deep elf blademaster
             ... wielding a +0 rapier
              (26 damage)
             ... in the Dungeon (Sprint VII: "The Pits") on Dec 15, 2023.
             The game lasted 00:51:29 (9905 turns).

Groucho the Bewitcher (Spriggan Enchanter)          Turns: 9905, Time: 00:51:29

Health: -5/67      AC:  8    Str:  6 (7)  XL:     12   Next: 13%
Magic:  0/27       EV: 22    Int: 21      God:    Sif Muna [******]
Gold:   36         SH:  6    Dex: 16      Spells: 3/31 levels left

rFire   . . .        b - +2 dagger (speed)
rCold   + . .        r - +0 buckler
rNeg    . . .        i - +2 robe {rC+}
rPois   .            (helmet restricted)
rElec   .            u - +0 cloak
rCorr   .            (gloves unavailable)
SInv    +            (boots unavailable)
Will    ++...        (no amulet)
Stlth   ++++++       m - +3 ring of strength
HPRegen 0.31/turn    n - +3 ring of protection
MPRegen 0.20/turn

%: no teleportation
@: very quick
A: very small, no large weapons, unfitting armour, see invisible, speed 3
a: Renounce Religion, Channel Magic, Forget Spell, Divine Exegesis


You were in the Dungeon.
You worshipped Sif Muna.
Sif Muna was exalted by your worship.
You visited 1 branch You collected 36 gold pieces.

Inventory:

Hand Weapons
 a - a +2 dagger
 b - a +2 dagger of speed (weapon)
 q - a +2 rapier of venom
 t - the +5 spear "Wangedd" {flame, +Blink Dex+2}
   (You found it in the Dungeon)

   Dex:       It affects your dexterity (+2).
   +Blink:    It lets you blink.
 B - a +2 vampiric short sword
Armour
 i - a +2 robe of cold resistance (worn)
 r - a +0 buckler (worn)
 u - a +0 cloak (worn)
Magical Staves
 v - the staff of fire "Jalow" {rF+ rC+}
   (You found it in the Dungeon)

   [staff of fire]

   Base accuracy: +5 Base damage: 5 Base attack delay: 1.2 This weapon's minimum
   attack delay (0.6) is reached at skill level 12.
   rF:        It protects you from fire.
   rC:        It protects you from cold.
   It falls into the 'Staves' category.
   It is a two-handed weapon.
Jewellery
 g - a ring of ice
 m - a +3 ring of strength (left hand)
 n - a +3 ring of protection (right hand)
 s - a ring of resist corrosion
 w - a ring of protection from fire
Scrolls
 j - 5 scrolls of amnesia
 k - a scroll of butterflies
 l - 2 scrolls of vulnerability
 x - a scroll of identify
 y - 3 scrolls of blinking
 z - 2 scrolls of fear
 A - 4 scrolls of enchant weapon
Potions
 c - 4 potions of invisibility
 d - 12 potions of curing
 e - 5 potions of heal wounds
 f - 4 potions of haste
 h - 4 potions of berserk rage
 o - 2 potions of might
 p - 2 potions of mutation


   Skills:
 - Level 10.0 Fighting
 - Level 10.0 Short Blades
 - Level 10.0 Dodging
 - Level 15.0 Stealth
 - Level 8.0 Shields
 - Level 10.1 Spellcasting
 + Level 8.2 Conjurations
 - Level 15.5 Hexes
 - Level 5.0 Fire Magic
 - Level 5.0 Ice Magic
 - Level 5.0 Earth Magic
 - Level 11.0 Invocations


You had 3 spell levels left.
You knew the following spells:

 Your Spells              Type           Power      Damage    Failure   Level
a - Ensorcelled Hibernat  Hex/Ice        100%       N/A       1%          2
b - Confusing Touch       Hex            66%        N/A       1%          3
c - Dazzling Flash        Conj/Hex       100%       N/A       1%          3
d - Tukima's Dance        Hex            66%        N/A       1%          3
e - Cause Fear            Hex            33%        N/A       1%          4
f - Fulminant Prism       Conj/Hex       28%        3d14      1%          4
g - Starburst             Conj/Fire      19%        6d7       67%         6
h - Stone Arrow           Conj/Erth      76%        3d11      1%          3

Your spell library contained the following spells:

 Spells                   Type           Power      Damage    Failure   Level
 Slow                     Hex            100%       N/A       0%          1
 Hailstorm                Conj/Ice       38%        3d9       1%          3
 Summon Guardian Golem    Hex/Summ       43%        N/A       1%          3
 Frozen Ramparts          Ice            62%        1d10      3%          3
 Passwall                 Tmut/Erth      17%        N/A       4%          2
 Mephitic Cloud           Conj/Pois/Air  22%        N/A       9%          3
 Apportation              Tloc           20%        N/A       10%         1
 Necrotise                Necr           40%        1d6       10%         1
 Call Imp                 Summ           20%        N/A       14%         2
 Cigotuvi's Dreadful Rot  Necr/Pois/Air  20%        N/A       14%         2
 Lesser Beckoning         Tloc           20%        N/A       14%         2
 Poisonous Vapours        Pois/Air       20%        N/A       14%         2
 Spider Form              Tmut/Pois      10%        N/A       28%         3
 Teleport Other           Tloc           10%        N/A       28%         3
 Vampiric Draining        Necr           10%        2d6       28%         3
 Leda's Liquefaction      Hex/Erth       26%        N/A       1%          4
 Anguish                  Hex/Necr       21%        N/A       3%          4
 Metabolic Englaciation   Hex/Ice        26%        N/A       3%          5
 Sticky Flame             Conj/Fire      38%        2d6       6%          4
 Yara's Violent Unravell  Hex/Tmut       21%        3d10      11%         5
 Enfeeble                 Hex            33%        N/A       14%         7
 Animate Armour           Summ/Erth      42%        N/A       32%         4
 Ice Form                 Ice/Tmut       21%        N/A       32%         4
 Summon Ice Beast         Ice/Summ       21%        N/A       32%         4
 Lee's Rapid Deconstruct  Erth           15%        3d10*     32%         5
 Freezing Cloud           Conj/Ice/Air   14%        6-21      38%         5
 Arcjolt                  Conj/Air       13%        1d23      43%         5
 Manifold Assault         Tloc           10%        N/A       67%         4
 Passage of Golubria      Tloc           10%        N/A       67%         4
 Summon Lightning Spire   Summ/Air       10%        N/A       67%         4
 Discord                  Hex            33%        N/A       71%         8
 Plasma Beam              Fire/Air       10%        2x1d23    99%         6
 Death Channel            Necr           5%         N/A       100%        6
 Dispersal                Tloc           5%         N/A       100%        6
 Eringya's Noxious Bog    Tmut/Pois      5%         N/A       100%        6
 Haunt                    Necr/Summ      5%         N/A       100%        7
 Monstrous Menagerie      Summ           5%         N/A       100%        7
 Ozocubu's Refrigeration  Ice            15%        4d10      100%        7
 Spellforged Servitor     Conj/Summ      13%        N/A       100%        7
 Disjunction              Tloc           5%         N/A       100%        8
 Infestation              Necr           5%         N/A       100%        8
 Maxwell's Capacitive Co  Air            5%         ∞         100%        8
 Necromutation            Tmut/Necr      5%         N/A       100%        8
 Summon Horrible Things   Summ           5%         N/A       100%        8
 Chain Lightning          Conj/Air       13%        3d18      100%        9
 Fire Storm               Conj/Fire      19%        8d5       100%        9


Dungeon Overview and Level Annotations

Branches:
Dungeon (1/1)

Altars:
Ashenzari
Cheibriados
Dithmenos
Elyvilon
Fedhas
Gozag
Hepliaklqana
Kikubaaqudgha
Makhleb
Nemelex Xobeh
Okawaru
Qazlal
Ru
Sif Muna
Trog
Uskayaw
Vehumet
Wu Jian
Xom
Yredelemnul
Zin
The Shining One
Jiyva
Lugonu


Innate Abilities, Weirdness & Mutations

You are very small and have problems with some larger weapons.
You are too small for most types of armour.
You have supernaturally acute eyesight. (SInv)
You cover ground extremely quickly. (Speed+++)


Message History

The deep elf blademaster barely misses you.
There is a huge open gate to the Grid Vault (Hard) here.
You closely miss the deep elf blademaster.
The deep elf blademaster is heavily wounded.
You barely miss the deep elf blademaster.
The deep elf blademaster is heavily wounded.
The deep elf blademaster hits you with a +0 rapier! x2
The alligator snapping turtle hisses angrily.
You hit the deep elf blademaster.
The deep elf blademaster is heavily wounded.
The deep elf blademaster hits you with a +0 rapier.
The deep elf blademaster misses you.
Casting: Dazzling Flash (safe; 1% risk of failure)
Confirm with . or Enter, or press ? or * to list all spells.
Aiming: Ensorcelled Hibernation (safe; 1% risk of failure)
Press: ? - help, Shift-Dir - straight line, f - ghost moth
Aim: a ghost moth (slightly transparent, not susceptible)
Okay, then.
Casting: Ensorcelled Hibernation (safe; 1% risk of failure)
Confirm with . or Enter, or press ? or * to list all spells.
Casting: Dazzling Flash (safe; 1% risk of failure)
Press: ? - help, Dir - look around, f - activate The ghost moth stares at you.
You feel your power leaking away. The ghost moth completely misses you.
The ghost moth closely misses you. The ghost moth stings you!
You feel weakened.
You block the deep elf blademaster's attack.
The deep elf blademaster closely misses you.
Unknown command.
Unknown command.
You are too injured to fight recklessly!
You miss the deep elf blademaster.
The deep elf blademaster is heavily wounded.
A ball python skeleton comes into view.
The ghost moth stares at you.
You feel your power leaking away.
You block the ghost moth's attack. x2; The ghost moth stings you.
The deep elf blademaster hits you with a +0 rapier!!
You die...

#..#.# #h# #..##.... #..##Z# #h#
#..####++ #..# #t# #t# #..# #..#
#.#h# #..# #..#####'##########..#
#######....................#
____.##....................#
____.###########ey##########
__...###########@'##########
####'##................##..#
)))'.##......#..#......##).#
####.##......)........[')..#
......)(.)........[....''..######
#+#####.)....#..#....).##..))...)
.)...##......).)..)..[.##....)...
####'#####'#####')###############
.....##.......##''### ###########


You could see an alligator snapping turtle, a deep elf blademaster (blind), a
ghost moth (invisible) and a ball python skeleton (wandering).

Vanquished Creatures
  A mummy priest (D)
  A great orb of eyes (D)
  A boulder beetle (D)
  A death knight (D)
  A death yak (D)
  An orc high priest (D)
  A sea snake (D)
  A flayed ghost (D)
  4 elephants (D)
  A cane toad (D)
  An orange demon (D)
  3 gargoyles (D)
  An unseen horror (D)
  A yaktaur (D)
  4 kobold demonologists (D)
  3 merfolk (D)
  A polar bear (D)
  A tarantella (D)
  A hornet (D)
  6 dream sheep (D)
  A flying skull (D)
  A jumping spider (D)
  4 spriggans (D)
  A fire bat (D)
  A wraith (D)
  A neqoxec (D)
  A steam dragon (D)
  6 vampire mosquitoes (D)
  A basilisk (D)
  Menkaure (D)
  A warg (D)
  A small abomination (D)
  Duvessa (D)
  An orc warrior (D)
  2 floating eyes (D)
  An ice beast (D)
  A sky beast (D)
  An ogre (D)
  A centaur (D)
  15 wolves (D)
  A phantom (D)
  4 kobold brigands (D)
  3 wights (D)
  Dowan (D)
  5 killer bees (D)
  2 orc priests (D)
  An iguana (D)
  A hell rat (D)
  2 mummies (D)
  2 adders (D)
  4 orcs (D)
  2 ball pythons (D)
  A bat zombie (D)
  An endoplasm (D)
  A giant cockroach (D)
  7 kobolds (D)
  A bat (D)
  A frilled lizard (D)
  A giant cockroach simulacrum (D)
  A rat (D)
  2 fulminant prisms (D)
122 creatures vanquished.

Vanquished Creatures (others)
  5 fulminant prisms (D)
5 creatures vanquished.

Grand Total: 127 creatures vanquished

Notes
Turn   | Place    | Note
-------+----------+-------------------------------------------
     0 | D        | Groucho the Spriggan Enchanter began the quest for the Orb.
     0 | D        | Reached XP level 1. HP: 9/9 MP: 5/5
    15 | D        | Found a bloodstained altar of Trog.
    15 | D        | Found a shimmering blue altar of Sif Muna.
    15 | D        | Found a viscous altar of Jiyva.
    15 | D        | Found a hazy altar of Hepliaklqana.
    15 | D        | Found an opulent altar of Gozag.
    43 | D        | Found a glowing golden altar of the Shining One.
    43 | D        | Found a glowing silver altar of Zin.
    43 | D        | Found a basalt altar of Yredelemnul.
    43 | D        | Found a shimmering altar of Xom.
    43 | D        | Found an ornate altar of the Wu Jian Council.
    43 | D        | Found a sacrificial altar of Ru.
    43 | D        | Found a stormy altar of Qazlal.
    43 | D        | Found an iron altar of Okawaru.
    43 | D        | Found a sparkling altar of Nemelex Xobeh.
    43 | D        | Found a burning altar of Makhleb.
    43 | D        | Found a blossoming altar of Fedhas.
    43 | D        | Found a white marble altar of Elyvilon.
    43 | D        | Found a shadowy altar of Dithmenos.
    43 | D        | Found a snail-covered altar of Cheibriados.
    45 | D        | Found a radiant altar of Vehumet.
    45 | D        | Found a corrupted altar of Lugonu.
    47 | D        | Found an ancient bone altar of Kikubaaqudgha.
    47 | D        | Found a hide-covered altar of Uskayaw.
    47 | D        | Found a broken altar of Ashenzari.
    48 | D        | Became a worshipper of Sif Muna the Loreminder
   353 | D        | Reached * piety under Sif Muna
   354 | D        | Reached skill level 5 in Stealth
   354 | D        | Reached skill level 1 in Invocations
   375 | D        | Reached skill level 1 in Fighting
   375 | D        | Reached XP level 2. HP: 14/14 MP: 7/7
   378 | D        | Learned a level 2 spell: Ensorcelled Hibernation
   392 | D        | Reached ** piety under Sif Muna
   770 | D        | Noticed an ogre
   770 | D        | Noticed Menkaure
   773 | D        | Noticed a fire bat
   794 | D        | Reached XP level 3. HP: 18/18 MP: 3/8
   966 | D        | Learned a level 3 spell: Confusing Touch
   977 | D        | Noticed a floating eye
   992 | D        | Paralysed by a floating eye for 4 turns
   997 | D        | Killed a floating eye
   998 | D        | Reached skill level 5 in Short Blades
   998 | D        | Reached XP level 4. HP: 25/25 MP: 2/9
  1023 | D        | Killed an ogre
  1023 | D        | Reached *** piety under Sif Muna
  1024 | D        | Reached skill level 5 in Hexes
  1024 | D        | Reached skill level 5 in Invocations
  1024 | D        | Reached XP level 5. HP: 30/30 MP: 0/12
  1318 | D        | Killed a fire bat
  1319 | D        | Reached skill level 5 in Fighting
  1319 | D        | Reached skill level 5 in Spellcasting
  1319 | D        | Reached XP level 6. HP: 35/35 MP: 10/14
  1326 | D        | Killed Menkaure
  1338 | D        | Learned a level 3 spell: Dazzling Flash
  1342 | D        | Learned a level 3 spell: Tukima's Dance
  1575 | D        | Reached **** piety under Sif Muna
  1576 | D        | Reached XP level 7. HP: 39/39 MP: 15/15
  1591 | D        | Paralysed by a floating eye for 4 turns
  1624 | D        | Reached ***** piety under Sif Muna
  1705 | D        | Received a gift from Sif Muna
  1706 | D        | Reached skill level 10 in Invocations
  1730 | D        | Reached XP level 8. HP: 34/43 MP: 12/19
  1886 | D        | Noticed a kobold demonologist
  1886 | D        | Noticed a kobold demonologist
  1916 | D        | Killed a kobold demonologist
  1916 | D        | Received a gift from Sif Muna
  1931 | D        | Killed a kobold demonologist
  1936 | D        | Received a gift from Sif Muna
  1938 | D        | Got Sif Muna's Opusculum on Changed Hypothermia {god gift}
  1940 | D        | Got Sif Muna's Almanac of Snowy Electrocution {god gift}
  1946 | D        | Learned a level 4 spell: Cause Fear
  2224 | D        | Noticed a flying skull
  2232 | D        | Noticed a sea snake
  2299 | D        | Killed a flying skull
  2336 | D        | Reached XP level 9. HP: 47/47 MP: 17/20
  2343 | D        | Received a gift from Sif Muna
  2348 | D        | Got Werghe's Quarto of Clouds and Convocation {god gift}
  2581 | D        | Noticed a gargoyle
  2591 | D        | Reached skill level 10 in Short Blades
  2597 | D        | Noticed Dowan
  2652 | D        | Killed a gargoyle
  2653 | D        | Reached skill level 15 in Hexes
  2658 | D        | Noticed Duvessa
  2697 | D        | Killed a sea snake
  2698 | D        | Reached skill level 5 in Ice Magic
  2698 | D        | Reached skill level 1 in Conjurations
  2755 | D        | Killed Duvessa
  2957 | D        | Killed Dowan
  3101 | D        | Received a gift from Sif Muna
  3102 | D        | Got Sif Muna's Catalogue of Space and the Flock {god gift}
  3123 | D        | Reached ****** piety under Sif Muna
  3123 | D        | Noticed a polar bear
  3124 | D        | Reached skill level 5 in Conjurations
  3124 | D        | Reached XP level 10. HP: 51/51 MP: 16/21
  3470 | D        | Reached skill level 15 in Stealth
  4068 | D        | Noticed a death yak
  4099 | D        | Received a gift from Sif Muna
  4100 | D        | Got Sif Muna's Elucidation of Bloody Geometry {god gift}
  4118 | D        | Noticed a mummy priest
  4163 | D        | Killed a death yak
  4920 | D        | Reached skill level 10 in Fighting
  5187 | D        | Noticed a boulder beetle
  5216 | D        | Reached skill level 1 in Shields
  5385 | D        | Killed a boulder beetle
  5385 | D        | Received a gift from Sif Muna
  5386 | D        | Got Sif Muna's Secrets of the Cursed Shot {god gift}
  5457 | D        | Noticed a great orb of eyes
  5880 | D        | Learned a level 4 spell: Fulminant Prism
  5886 | D        | Noticed a phantasmal warrior
  5904 | D        | Noticed a smoke demon
  5904 | D        | Killed a mummy priest
  5905 | D        | Reached skill level 5 in Shields
  6148 | D        | Killed a great orb of eyes
  6149 | D        | Reached XP level 11. HP: 63/63 MP: 18/25
  6293 | D        | Learned a level 6 spell: Starburst
  6532 | D        | Received a gift from Sif Muna
  6539 | D        | Reached skill level 10 in Spellcasting
  6541 | D        | Got Qewiapec's Elucidation of Radiant Corpses {god gift}
  6546 | D        | Learned a level 3 spell: Stone Arrow
  6769 | D        | Reached skill level 10 in Dodging
  6797 | D        | Received a gift from Sif Muna
  6798 | D        | Reached skill level 1 in Fire Magic
  6798 | D        | Reached skill level 1 in Earth Magic
  6798 | D        | Got Sif Muna's Codex of the Comitatus and the Sphinx {god
                  | gift}
  7526 | D        | Got the +5 spear "Wangedd" {flame, +Blink Dex+2}
  7535 | D        | Got the staff of fire "Jalow" {rF+ rC+}
  8032 | D        | Noticed an orc high priest
  8245 | D        | Killed an orc high priest
  8245 | D        | Received a gift from Sif Muna
  8246 | D        | Got Piong's Handbook of Points and Rime {god gift}
  8858 | D        | Reached skill level 5 in Earth Magic
  8890 | D        | Reached skill level 5 in Fire Magic
  9228 | D        | Received a gift from Sif Muna
  9229 | D        | Got Xeewyduti's Almanac of Immolation {god gift}
  9234 | D        | Noticed a flayed ghost
  9241 | D        | Killed a flayed ghost
  9254 | D        | Noticed a spriggan rider
  9393 | D        | Received a gift from Sif Muna
  9394 | D        | Got Fackebae's Codex of the Leaden Black Widow {god gift}
  9555 | D        | Reached XP level 12. HP: 67/67 MP: 22/27
  9789 | D        | Noticed a death knight
  9790 | D        | Noticed a deep elf blademaster
  9790 | D        | Noticed an alligator snapping turtle
  9790 | D        | Found the +7 mace of Variability {chaos, chaos arc}
  9834 | D        | Killed a death knight
  9900 | D        | Noticed a ghost moth
  9905 | D        | Slain by a deep elf blademaster

Illustrated notes

Levels and vault maps discovered:
D:        pitsprint [storerooms_1, entrance_room_1, metal_vault_7, armoury_2,
          mini_pit_1, grid_room_1, main_hall_1, silver_pit, the_coven_3,
          the_vestibule_1, steel_vault_2, golden_pit, hallway_of_sentries,
          crystal_vault_2, iron_vault_2, final_vault]

Skill      XL: |  1  2  3  4  5  6  7  8  9 10 11 12 |
---------------+-------------------------------------+-----
Dodging        | 3 6 10 | 10.0
Spellcasting   | 3 4 5 7 9 10 | 10.1
Hexes          | 4 5 6 7 8 14 15 | 15.5
Short Blades   | 2 3 5 7 10 | 10.0
Stealth        | 5 6 8 9 11 12 14 15 | 15.0
Invocations    | 1 2 4 5 6 8 10 11 | 11.0
Fighting       | 1 3 4 5 10 | 10.0
Ice Magic      | 5 |  5.0
Conjurations   | 5 8 |  8.2
Shields        | 5 7 8 |  8.0
Fire Magic     | 5 |  5.0
Earth Magic    | 5 |  5.0

Action                     |  1- 3 |  4- 6 |  7- 9 | 10-12 || total
---------------------------+-------+-------+-------+-------++-------
  Melee: Dagger            |    24 |     7 |    76 |   228 ||   335
         Punch             |       |     1 |     1 |       ||     2
   Cast: Ensorcelled Hiber |    12 |     2 |    47 |    79 ||   140
         Confusing Touch   |       |     1 |    10 |    21 ||    32
         Fulminant Prism   |       |       |       |     7 ||     7
         Dazzling Flash    |       |       |       |     8 ||     8
         Cause Fear        |       |       |       |     1 ||     1
         Stone Arrow       |       |       |       |     1 ||     1
    Use: Potion            |     1 |     1 |     7 |     3 ||    12
         Scroll            |       |       |     1 |       ||     1
   Stab: Sleeping          |     9 |     4 |    29 |    44 ||    86
         Confused          |       |     1 |     7 |    23 ||    31
         Invisible         |       |       |       |     3 ||     3
 Armour: Robe              |     5 |       |     5 |    26 ||    36
  Dodge: Dodged            |    15 |     1 |    38 |   142 ||   196
  Block: Buckler           |       |       |       |    24 ||    24
